 Dungeon Crawl Stone Soup version 0.26-a0-1184-g95e395e029 (webtiles) character file.

Game seed: 8347219194688075801

684 voltaire321 the Stinger (level 7, -5/40 HPs)
             Began as a Gargoyle Venom Mage on Dec 27, 2020.
             Was a Follower of Nemelex Xobeh.
             Killed from afar by an orc wizard (6 damage)
             ... with a puff of frost
             ... on level 4 of the Dungeon.
             The game lasted 00:18:51 (3919 turns).

voltaire321 the Stinger (Gargoyle Venom Mage)       Turns: 3919, Time: 00:18:52

Health: -5/40      AC:  6    Str: 12    XL:     7   Next: 62%
Magic:  10/12      EV: 12    Int: 17    God:    Nemelex Xobeh [*.....]
Gold:   166        SH:  0    Dex: 10    Spells: 9/12 levels left

rFire    + . .     SeeInvis .   c - +0 whip
rCold    . . .     Faith    .   (no shield)
rNeg     + . .     Spirit   .   a - +0 robe
rPois    ∞         Reflect  .   (no helmet)
rElec    +         Harm     .   (no cloak)
rCorr    .         Rampage  .   (no gloves)
Will     .....                  (no boots)
Stlth    ++........             i - amulet of regeneration
HPRegen  0.53/turn              m - ring of protection from fire
MPRegen  0.13/turn              (no ring)

@: flying (expiring)
A: negative energy resistance 1, electricity resistance, unbreathing,
petrification resistance, miasma immunity, AC +4
a: Renounce Religion, Draw Escape, Draw Destruction, Draw Summoning


You were on level 4 of the Dungeon.
You worshipped Nemelex Xobeh.
Nemelex Xobeh was aware of your devotion.
You visited 1 branch of the dungeon, and saw 4 of its levels.

You collected 166 gold pieces.

Inventory:

Hand Weapons
 c - a +0 whip (weapon)
Armour
 a - a +0 robe (worn)
 j - a +0 buckler
Jewellery
 i - an amulet of regeneration (around neck)
 l - an uncursed amulet of reflection {unknown}
 m - a ring of protection from fire (left hand)
Wands
 n - a wand of polymorph (6)
Scrolls
 b - 2 scrolls of remove curse
 d - 2 scrolls of teleportation
 g - a scroll of random uselessness {unknown}
 k - 2 scrolls of identify
Potions
 h - a potion of heal wounds {unknown}


   Skills:
 + Level 2.9 Fighting
 + Level 1.4 Armour
 + Level 3.0 Dodging
 - Level 2.1 Stealth
 + Level 1.4 Shields
 + Level 3.4 Spellcasting
 - Level 2.0 Transmutations
 + Level 2.0 Air Magic
 + Level 4.2 Poison Magic
 + Level 2.6 Invocations


You had 9 spell levels left.
You knew the following spells:

 Your Spells              Type           Power        Failure   Level
a - Sting                 Tmut/Pois      52%          4%          1
b - Poisonous Vapours     Pois/Air       26%          7%          2

Your spell library contained the following spells:

 Spells                   Type           Power        Failure   Level
 Ignite Poison            Fire/Tmut/Pois 9%           22%         3
 Mephitic Cloud           Conj/Pois/Air  10%          22%         3
 Olgreb's Toxic Radiance  Pois           17%          28%         4


Dungeon Overview and Level Annotations

Branches:
Dungeon (4/15)             Temple (0/1) D:4

Altars:
Makhleb
Nemelex Xobeh
Ru

Annotations:
D:3 1 runed translucent door, Frask's ghost, amateur MiMo


Innate Abilities, Weirdness & Mutations

You are resistant to torment.
Your stone body is resilient. (AC +4)
You are immune to poison.
You resist negative energy. (rN+)
You are resistant to electric shocks. (rElec)
You can survive without breathing.
You are immune to petrification.
You are immune to miasma.


Message History

* * * LOW HITPOINT WARNING * * *
Something hits you but does no damage.
You barely miss something. You miss something. Something hits you.
* * * LOW HITPOINT WARNING * * *
Something hits you but does no damage.
You closely miss something. Something hits you but does no damage.
You hit something but do no damage. Something hits you.
* * * LOW HITPOINT WARNING * * *
Something hits you but does no damage.
You miss something.
You hear some strange, mumbled words.
A magic dart appears from out of thin air!
The magic dart hits you!
* * * LOW HITPOINT WARNING * * *
You hear some strange, mumbled words.
A puff of frost appears from out of thin air!
The puff of frost hits you.
You die...
Your body glows slightly and disappears.

### #.. #.# # #$#.#
###.#.# #.{@..# ## .###
#.#.#.##.# #.
...######.#.)....# #.
.#.##...).!...###
#.##.#.##.###.###......
#....#.##.# #.# .#####
##...##.##.###... .#
.................. .
##...#####.####..>


There were no monsters in sight!

Vanquished Creatures
  Sigmund (D:2)
  An orc priest (D:4)
  A hound (D:4)
  Ijyb (D:4)
  A centaur skeleton (D:4)
  A worker ant (D:3)
  Robin (D:2)
  2 gnolls (D:1)
  2 adders
  2 oozes
  4 worms
  3 leopard geckos
  2 orcs
  4 giant cockroaches
  15 goblins
  8 hobgoblins
  7 jackals (D:3)
  A quokka (D:2)
  A ball python (D:2)
  5 bats
  2 frilled lizards (D:1)
  4 kobolds (D:3)
  8 rats
77 creatures vanquished.

Vanquished Creatures (collateral kills)
  Grinder (D:4)
  Menkaure (D:4)
  3 orc wizards (D:4)
  2 worker ants (D:4)
  A worm (D:4)
  2 orcs (D:4)
  A giant cockroach (D:4)
11 creatures vanquished.

Grand Total: 88 creatures vanquished

Notes
Turn   | Place    | Note
-------+----------+-------------------------------------------
     0 | D:1      | voltaire321 the Gargoyle Venom Mage began the quest for the
                  | Orb.
     0 | D:1      | Reached XP level 1. HP: 10/10 MP: 3/3
   165 | D:1      | Reached skill level 1 in Transmutations
   165 | D:1      | Reached XP level 2. HP: 16/16 MP: 1/5
   276 | D:1      | Learned a level 2 spell: Poisonous Vapours
   417 | D:1      | Reached skill level 1 in Fighting
   417 | D:1      | Reached XP level 3. HP: 13/20 MP: 1/6
  1382 | D:2      | Reached XP level 4. HP: 15/25 MP: 2/7
  1511 | D:2      | Found a sparkling altar of Nemelex Xobeh.
  1515 | D:2      | Became a worshipper of Nemelex Xobeh the Trickster
  1641 | D:2      | Found a sacrificial altar of Ru.
  1642 | D:2      | Noticed Sigmund
  1656 | D:2      | Killed Sigmund
  1657 | D:2      | Reached skill level 1 in Air Magic
  1657 | D:2      | Reached skill level 1 in Invocations
  1657 | D:2      | Reached XP level 5. HP: 15/30 MP: 0/9
  1839 | D:2      | Noticed Robin
  1848 | D:2      | Killed Robin
  1849 | D:2      | Reached XP level 6. HP: 35/35 MP: 2/10
  1951 | D:2      | Found a burning altar of Makhleb.
  2659 | D:3      | Found a runed translucent door.
  2676 | D:3      | Noticed Frask's ghost (amateur MiMo)
  2845 | D:3      | Reached * piety under Nemelex Xobeh
  3322 | D:3      | Received a gift from Nemelex Xobeh
  3525 | D:4      | Found a staircase to the Ecumenical Temple.
  3534 | D:4      | Noticed Menkaure
  3550 | D:4      | Killed Menkaure
  3552 | D:4      | Reached skill level 4 in Poison Magic
  3578 | D:4      | Reached XP level 7. HP: 40/40 MP: 11/11
  3630 | D:4      | Noticed Ijyb
  3696 | D:4      | Killed Ijyb
  3697 | D:4      | Reached skill level 1 in Shields
  3819 | D:4      | Reached skill level 1 in Armour
  3866 | D:4      | Noticed Grinder
  3881 | D:4      | Killed Grinder
  3919 | D:4      | HP: 1/40 [something/magic dart (9)]
  3919 | D:4      | Killed from afar by an orc wizard

Illustrated notes

Levels and vault maps discovered:
D:1:      elethiomel_arrival_quiet, layout_basic,
          chequers_serial_rivers_micro_c, roderic_roman_lattice
D:2:      layout_basic, grunt_temple_overflow_open, nemelex_lonely_heart_becter,
          uniq_robin, uniq_sigmund
D:3:      layout_basic, ebering_ghost_sewer_d
D:4:      layout_loops_corners, minmay_temple_entry_slanted, tgw_sif,
          uniq_grinder, uniq_menkaure, uniq_edmund, uniq_ijyb, uniq_duvessa

Skill      XL: |  1  2  3  4  5  6  7 |
---------------+----------------------+-----
Transmutations | 1 2 |  2.0
Fighting       | 1 2 |  2.9
Dodging        | 2 3 |  3.0
Air Magic      | 1 2 |  2.0
Invocations    | 1 2 |  2.6
Spellcasting   | 3 |  3.4
Poison Magic   | 4 |  4.2
Shields        | 1 |  1.4
Armour         | 1 |  1.4
Stealth        | |  2.1

Action                   |  1- 3 |  4- 6 |  7- 9 || total
-------------------------+-------+-------+-------++-------
Melee: Whip              |    45 |    81 |    55 ||   181
       Unarmed           |     4 |       |       ||     4
 Cast: Sting             |    13 |     4 |     2 ||    19
       Poisonous Vapours |    16 |    55 |     9 ||    80
Invok: Draw Summoning    |       |     1 |     1 ||     2
  Use: Scroll            |       |     5 |       ||     5
       Potion            |       |       |     2 ||     2
 Stab: Distracted        |       |       |     1 ||     1
Armor: Robe              |    15 |    37 |    34 ||    86
Dodge: Dodged            |    28 |    44 |    24 ||    96

Table legend: (Time is in decaauts)
 A = Elapsed time spent in this place.
 B = Non-inter-level travel time spent in this place.
 C = Inter-level travel time spent in this place.
 D = Time resting spent in this place.
 E = Time spent auto-exploring this place.
 F = Levels seen in this place.
 G = Mean time per level.
                   A        B        C        D        E       F      G
               +--------+--------+--------+--------+--------+-----+--------+
         Total |   3916 |   3907 |      9 |   1286 |   1467 |   4 |  979.0 |
       Dungeon |   3916 |   3907 |      9 |   1286 |   1467 |   4 |  979.0 |
               +--------+--------+--------+--------+--------+-----+--------+

Top non-repeatable levels by time:
     D:2: 1597 daAuts
     D:1: 1030 daAuts
     D:3: 897 daAuts
     D:4: 391 daAuts
